[Event "Titled Tuesday Blitz January 17 Late 2023"]
[White "Tomb, Maroun"]
[Black "Kaganskiy, Gleb"]
[WhiteFideId "5300398"]
[BlackFideId "4132025"]
[WhiteElo "2090"]
[BlackElo "2205"]
[Result "1-0"]
[Round "04"]
[TimeControl "180+2"]
[Date "2023.01.17"]
[WhiteClock "0:02:35"]
[BlackClock "0:01:38"]

1. e4 e6 2. d4 d5 3. Nd2 c5 4. exd5 Qxd5 5. Ngf3 cxd4 6. Bc4 Qd6 7. Qe2 Nc6 8. Nb3 Nf6 9. Bg5 Be7 10. O-O-O O-O 11. Nbxd4 Nxd4 12. Rxd4 Qc7 13. Kb1 a6 14. Re1 b5 15. Bb3 Bb7 16. Ne5 Bd5 17. Bxf6 Bxf6 18. Bxd5 Bxe5 19. Qxe5 Qxe5 20. Rxe5 Rad8 21. a4 exd5 22. axb5 axb5 23. Rexd5 Rxd5 24. Rxd5 Rb8 25. Ka2 Kf8 26. Kb3 Ke7 27. Kb4 Rc8 28. c3 Rc4+ 29. Kxb5 Re4 30. Rd2 Rh4 31. h3 g5 32. b4 h5 33. c4 g4 34. hxg4 hxg4 35. g3 Rh2 36. c5 f5 37. Kb6 Rh1 38. c6 Rc1 39. c7 Rc4 40. b5 Rc3 41. Kb7 Rc5 42. b6 Rc4 43. c8=Q Rxc8 44. Kxc8 Kf6 45. b7 Ke5 46. b8=Q+ Ke4 47. Qf4# 1-0


[Site "https://www.chess.com"]

[Event "Titled Tuesday Blitz January 17 Late 2023"]
[White "Kalajzic, Ivan"]
[Black "Golubev, Mikhail"]
[WhiteFideId "14506378"]
[BlackFideId "14100983"]
[WhiteElo "2062"]
[BlackElo "2461"]
[Result "0-1"]
[Round "04"]
[TimeControl "180+2"]
[Date "2023.01.17"]
[WhiteClock "0:00:10"]
[BlackClock "0:00:06"]

1. b3 d6 2. Bb2 Nd7 3. e3 e5 4. d4 exd4 5. Qxd4 Ngf6 6. Nf3 g6 7. c4 Bg7 8. Nc3 O-O 9. Nd5 c6 10. Nxf6+ Nxf6 11. Be2 Re8 12. O-O d5 13. Rfd1 Be6 14. cxd5 Bxd5 15. Qh4 Re4 16. Bxf6 Bxf6 17. Qxe4 Bxe4 18. Rxd8+ Rxd8 19. Rd1 Rxd1+ 20. Bxd1 Kf8 21. Kf1 Ke7 22. Ke2 Kd6 23. Ne1 Kc5 24. f3 Bb1 25. a4 Kb4 26. Nd3+ Kc3 27. Nc5 b5 28. axb5 cxb5 29. Ne4+ Bxe4 30. fxe4 a5 31. g3 Be5 32. Ke1 h5 33. g4 hxg4 34. Bxg4 Kxb3 35. Bd7 a4 36. Be8 a3 37. Bxf7+ Kb2 38. Kd2 a2 39. Bxa2 Kxa2 40. Kd3 b4 41. Kc4 b3 42. Kd5 Bxh2 43. e5 Bxe5 44. Kxe5 b2 45. Kf6 b1=Q 46. Kg5 Qf5+ 47. Kh6 Qe4 0-1


[Site "https://www.chess.com"]

[Event "Titled Tuesday Blitz January 17 Late 2023"]
[White "Ansh M Shah"]
[Black "Haraguchi, Diego Sashaki"]
[WhiteFideId "25033379"]
[BlackFideId "22729925"]
[WhiteElo "2171"]
[BlackElo "2015"]
[Result "1-0"]
[Round "04"]
[TimeControl "180+2"]
[Date "2023.01.17"]
[WhiteClock "0:00:09"]
[BlackClock "0:00:10"]

1. d4 Nf6 2. c4 g6 3. h4 h5 4. Nc3 Bg7 5. e4 d6 6. Be2 e5 7. d5 a5 8. Nf3 Bd7 9. Ng5 Na6 10. f3 Nc5 11. Be3 b6 12. Qd2 a4 13. O-O-O Qc8 14. Kb1 Qb7 15. Rdg1 Nb3 16. axb3 axb3 17. Kc1 b5 18. cxb5 Bxb5 19. Bxb5+ Qxb5 20. Qe2 Qb4 21. Qb5+ Qxb5 22. Nxb5 Kd7 23. Kd2 Ra2 24. Rb1 Rb8 25. Nc3 Raa8 26. Ra1 Ke8 27. Rhb1 Nd7 28. Ra3 Rxa3 29. bxa3 Bh6 30. Kd3 Ke7 31. a4 Rb4 32. Rb2 f5 33. Ne6 fxe4+ 34. fxe4 Bxe3 35. Kxe3 c5 36. dxc6 Nb6 37. Nd5+ Kxe6 38. Nxb6 Rxb6 39. c7 Kd7 40. Kd3 Kxc7 41. Kc3 Ra6 42. Kxb3 Kc6 43. Rc2+ Kd7 44. Kb4 Rb6+ 45. Ka5 Rb3 46. Rf2 Ke6 47. Rf8 Rb2 48. Re8+ Kf7 49. Rd8 Ke7 50. Rg8 Kf7 51. Rd8 Ke7 52. Rg8 Rxg2 53. Kb6 Rb2+ 54. Ka6 Rb4 55. a5 Rxe4 56. Rxg6 Rxh4 57. Kb7 Rb4+ 58. Kc6 Ra4 59. Kb6 Ra1 60. a6 e4 61. Rh6 d5 62. Rxh5 Ke6 63. a7 d4 64. Kb7 e3 65. Rh6+ Kd5 66. Ra6 Rb1+ 67. Rb6 Ra1 68. Ra6 Rb1+ 69. Kc7 Rc1+ 70. Kd7 e2 71. a8=Q+ Kc4 72. Ra4+ Kd3 73. Qf3+ Kd2 74. Ra2+ Rc2 75. Rxc2+ Kxc2 76. Qxe2+ Kc3 77. Qd1 1-0


[Site "https://www.chess.com"]

[Event "Titled Tuesday Blitz January 17 Late 2023"]
[White "Kovanova, Baira"]
[Black "Seletsky, Grigory"]
[WhiteFideId "4164083"]
[BlackFideId "14112191"]
[WhiteElo "2304"]
[BlackElo "2259"]
[Result "1-0"]
[Round "04"]
[TimeControl "180+2"]
[Date "2023.01.17"]
[WhiteClock "0:01:32"]
[BlackClock "0:00:41"]

1. e4 e6 2. d3 d5 3. Qe2 Nf6 4. Nf3 c5 5. g3 Nc6 6. Bg2 Be7 7. O-O O-O 8. e5 Nd7 9. c4 d4 10. Re1 Qc7 11. Bf4 b6 12. Nbd2 Bb7 13. h4 Rfe8 14. h5 Nf8 15. Ne4 h6 16. g4 Qd7 17. g5 hxg5 18. Nfxg5 Nh7 19. Qg4 Kh8 20. Nxf7+ Kg8 21. h6 Bf8 22. Ned6 Re7 23. Ng5 Nd8 24. Nxb7 Nxb7 25. Nxh7 Kxh7 26. Be4+ Kh8 27. Qh5 gxh6 28. Kf1 Bg7 29. Ke2 Qe8 30. Rh1 Qxh5+ 31. Rxh5 Rae8 32. Bxh6 Bxh6 33. Rxh6+ Kg8 34. Rg1+ Rg7 35. Rxg7+ Kxg7 36. Rh7+ 1-0


[Site "https://www.chess.com"]

[Event "Titled Tuesday Blitz January 17 Late 2023"]
[White "Rian, Kapriaga"]
[Black "Arenas, David"]
[WhiteFideId "7103263"]
[BlackFideId "4403177"]
[WhiteElo "2089"]
[BlackElo "2426"]
[Result "0-1"]
[Round "04"]
[TimeControl "180+2"]
[Date "2023.01.17"]
[WhiteClock "0:00:01"]
[BlackClock "0:00:21"]

1. d4 Nf6 2. Nf3 e6 3. Bf4 c5 4. e3 cxd4 5. exd4 b6 6. Nbd2 Bb7 7. Bd3 Be7 8. O-O O-O 9. Re1 a6 10. h3 d6 11. c3 Nbd7 12. a4 Re8 13. Bh2 Bf8 14. Nc4 Qc7 15. Ne3 Qc6 16. Qb3 Rac8 17. Rec1 Qc7 18. Nd2 Qb8 19. a5 b5 20. c4 bxc4 21. Ndxc4 Nd5 22. Nxd5 exd5 23. Ne3 Nf6 24. Bf4 Qa7 25. Qb4 Ne4 26. Nf5 g6 27. Bxe4 dxe4 28. Nxd6 Bxd6 29. Bxd6 Rcd8 30. Be5 e3 31. fxe3 Rxe5 32. dxe5 Qxe3+ 33. Kh2 Qxe5+ 34. Kh1 Rd7 35. Qg4 Re7 36. Re1 Qxe1+ 37. Rxe1 Rxe1+ 38. Kh2 Re6 39. h4 h5 40. Qc4 Re7 41. g4 hxg4 42. Qxg4 Re6 43. h5 Kh7 44. Qf4 Re2+ 45. Kg3 Rg2+ 46. Kh3 gxh5 0-1


[Site "https://www.chess.com"]

[Event "Titled Tuesday Blitz January 17 Late 2023"]
[White "Leenhouts, Koen"]
[Black "Kostiukov, Alexandr"]
[WhiteFideId "1008439"]
[BlackFideId "14108100"]
[WhiteElo "2447"]
[BlackElo "2271"]
[Result "1-0"]
[Round "04"]
[TimeControl "180+2"]
[Date "2023.01.17"]
[WhiteClock "0:00:12"]
[BlackClock "0:00:03"]

1. d4 g6 2. e4 Bg7 3. c4 d6 4. Nc3 e5 5. d5 f5 6. exf5 Bxf5 7. Bd3 Nf6 8. Bg5 O-O 9. Bxf5 gxf5 10. Nge2 Nbd7 11. O-O a5 12. Kh1 Nc5 13. b3 Qe8 14. Be3 b6 15. f3 f4 16. Bxc5 bxc5 17. Qc2 Qh5 18. Ne4 Nxe4 19. Qxe4 Rf6 20. Nc3 Rh6 21. h3 Rf8 22. Rf2 Qh4 23. Raf1 Rg6 24. Qe1 Rg3 25. Ne4 Rg6 26. Re2 Qe7 27. Qxa5 Rf5 28. Qa8+ Bf8 29. Qc8 Rh5 30. a4 Kg7 31. a5 Rgh6 32. a6 c6 33. Qb7 Rxh3+ 34. gxh3 Rxh3+ 35. Rh2 Rg3 36. Qxe7+ Bxe7 37. Nxg3 fxg3 38. Rg2 1-0


[Site "https://www.chess.com"]

[Event "Titled Tuesday Blitz January 17 Late 2023"]
[White "Quinones Garcia, Santiago"]
[Black "Hnydiuk, Aleksander"]
[WhiteFideId "4408497"]
[BlackFideId "1109057"]
[WhiteElo "2248"]
[BlackElo "2363"]
[Result "0-1"]
[Round "04"]
[TimeControl "180+2"]
[Date "2023.01.17"]
[WhiteClock "0:01:41"]
[BlackClock "0:01:06"]

1. d4 Nf6 2. c4 e6 3. Nc3 Bb4 4. Qc2 c5 5. dxc5 Bxc5 6. Nf3 O-O 7. Bg5 h6 8. Bh4 Nc6 9. e3 b6 10. a3 Bb7 11. Be2 Rc8 12. O-O Be7 13. Rfd1 a6 14. b4 Ng4 15. Bxe7 Qxe7 16. Qd2 Nce5 17. Qd4 Qf6 18. Qxb6 Nxf3+ 19. gxf3 Bxf3 20. Bxf3 Qxf3 21. Rd2 Rxc4 22. Nd1 Nxh2 23. Rd4 Qh3 0-1


[Site "https://www.chess.com"]

[Event "Titled Tuesday Blitz January 17 Late 2023"]
[White "Malka, Samuel"]
[Black "Hoffmann, Asa"]
[WhiteFideId "20643675"]
[BlackFideId "2001470"]
[WhiteElo "2165"]
[BlackElo "2185"]
[Result "0-1"]
[Round "04"]
[TimeControl "180+2"]
[Date "2023.01.17"]
[WhiteClock "0:00:42"]
[BlackClock "0:01:20"]

1. d4 Nf6 2. c4 c5 3. d5 e5 4. Nc3 d6 5. g3 Be7 6. Bh3 Nbd7 7. e4 h5 8. Nge2 h4 9. g4 Nh7 10. Bg2 Bg5 11. Be3 Bxe3 12. fxe3 Qg5 13. Qd2 h3 14. Bf3 Qh4+ 15. Kd1 Ng5 16. Rf1 Nf6 17. Nb5 Ke7 18. b4 a6 19. Nbc3 cxb4 20. Na4 a5 21. c5 Nxf3 22. Rxf3 Bxg4 23. Rxf6 Qxf6 24. Kc2 Rac8 25. Kb3 Qf2 26. Re1 Qxh2 27. Qd3 Bxe2 28. Rxe2 Qg3 29. Qb5 h2 30. Qxb7+ Kf6 31. cxd6 h1=Q 32. Nb6 Qd1+ 33. Kb2 Qxe2+ 0-1


[Site "https://www.chess.com"]

[Event "Titled Tuesday Blitz January 17 Late 2023"]
[White "Rodriguez Fontecha, Marcos"]
[Black "Smith, Garrett L"]
[WhiteFideId "2256576"]
[BlackFideId "2024829"]
[WhiteElo "2309"]
[BlackElo "2047"]
[Result "1-0"]
[Round "04"]
[TimeControl "180+2"]
[Date "2023.01.17"]
[WhiteClock "0:00:34"]
[BlackClock "0:00:15"]

1. d4 Nf6 2. Nf3 g6 3. Bf4 Nh5 4. Bg5 h6 5. Bd2 c5 6. Bc3 Bg7 7. dxc5 Qc7 8. Bxg7 Nxg7 9. Qd4 O-O 10. Nc3 Nc6 11. Qd2 Ne5 12. Qxh6 Nf5 13. Qd2 Qxc5 14. e3 Nxf3+ 15. gxf3 b6 16. Bd3 Bb7 17. Be4 Bc6 18. Rg1 Rfd8 19. b4 Qe5 20. b5 Bxe4 21. fxe4 Nh4 22. Rg3 Rac8 23. Qd4 Qh5 24. Nd5 Nf3+ 25. Rxf3 Qxf3 26. Nxe7+ Kh7 27. Nxc8 Qh1+ 28. Kd2 Qxh2 29. Nd6 Qxf2+ 30. Kd3 Qg2 31. Qf6 Rc8 32. Nxc8 1-0


[Site "https://www.chess.com"]

[Event "Titled Tuesday Blitz January 17 Late 2023"]
[White "Gerbelli Neto, Eduardo"]
[Black "Kokoszczynski, Jan"]
[WhiteFideId "2103281"]
[BlackFideId "1174460"]
[WhiteElo "2114"]
[BlackElo "2247"]
[Result "0-1"]
[Round "04"]
[TimeControl "180+2"]
[Date "2023.01.17"]
[WhiteClock "0:00:01"]
[BlackClock "0:00:03"]

1. e4 c6 2. d4 d5 3. exd5 cxd5 4. c4 Nf6 5. Nc3 Nc6 6. Nf3 Be6 7. c5 g6 8. Bb5 Bg7 9. Ne5 Bd7 10. Bxc6 bxc6 11. O-O O-O 12. Re1 Re8 13. h3 Qc8 14. Bf4 Be6 15. b4 Nd7 16. a4 Nxe5 17. Bxe5 f6 18. Bg3 Bf7 19. f4 a6 20. Qd3 Qb7 21. Rab1 Rad8 22. b5 axb5 23. axb5 cxb5 24. Rxb5 Qa6 25. Reb1 Be6 26. Qe2 Bf5 27. R1b2 Qa3 28. R5b3 Qa1+ 29. Kh2 Qc1 30. Nb5 Be4 31. Nc7 Rf8 32. Ne6 Bh6 33. Nxf8 Rxf8 34. Qe3 Qxe3 35. Rxe3 e5 36. dxe5 fxe5 37. Reb3 exf4 38. Bf2 Bg7 39. Ra2 Be5 40. c6 f3+ 41. g3 Rc8 42. Rb6 d4 43. Raa6 d3 44. Be3 f2 45. Bxf2 d2 46. Rb4 d1=Q 47. Rxe4 Bc3 48. Ra7 Qd3 49. Ree7 Qc2 50. Kg2 Bd4 51. Rf7 Bxf2 52. Rxf2 Qxc6+ 53. Rf3 Qc2+ 54. Rf2 Qe4+ 55. Kh2 Rc2 56. Ra2 Rxa2 0-1


[Site "https://www.chess.com"]

[Event "Titled Tuesday Blitz January 17 Late 2023"]
[White "Carbone, Diego"]
[Black "Kovacs, Klara"]
[WhiteFideId "3002179"]
[BlackFideId "733210"]
[WhiteElo "2336"]
[BlackElo "2121"]
[Result "1-0"]
[Round "04"]
[TimeControl "180+2"]
[Date "2023.01.17"]
[WhiteClock "0:00:09"]
[BlackClock "0:00:14"]

1. d4 e6 2. c4 Nf6 3. g3 d5 4. Nf3 dxc4 5. Bg2 Bb4+ 6. Bd2 c5 7. Bxb4 cxb4 8. Ne5 O-O 9. O-O Nbd7 10. Nxc4 Nb6 11. Ne5 Rb8 12. a3 bxa3 13. Nxa3 a6 14. Qb3 Nbd5 15. Nc6 bxc6 16. Qxb8 Qe7 17. e4 Nb4 18. Nc4 c5 19. dxc5 Qxc5 20. Rac1 Nd3 21. Rc2 e5 22. Qd6 Qxd6 23. Nxd6 Be6 24. Rd1 Nb4 25. Rcc1 g6 26. Nc4 Na2 27. Rc2 Nb4 28. Rc3 Na2 29. Rf3 Nxe4 30. Nxe5 f6 31. Re3 Nxf2 32. Rd6 Nh3+ 33. Kh1 Nf2+ 34. Kg1 Nh3+ 35. Bxh3 Bxh3 36. Nd3 Rc8 37. Rxa6 Nc1 38. Nxc1 Rxc1+ 39. Kf2 Rc2+ 40. Re2 Rc5 41. Rxf6 Kg7 42. Rf4 h5 43. Rd2 Kh6 44. b4 Rc1 45. Rb2 Rf1+ 46. Ke3 Re1+ 47. Kd4 Rd1+ 48. Kc5 Rc1+ 49. Rc4 Re1 50. b5 Re5+ 51. Kd6 Re6+ 52. Kd5 Re1 53. b6 Be6+ 54. Kc5 Bxc4 55. Kxc4 Re8 56. b7 Rb8 57. Kc5 g5 58. Kc6 h4 59. gxh4 gxh4 60. Kc7 Rxb7+ 61. Kxb7 1-0


[Site "https://www.chess.com"]

[Event "Titled Tuesday Blitz January 17 Late 2023"]
[White "Jordao Barbosa, Marcio"]
[Black "Pein, Jonathan"]
[WhiteFideId "2116219"]
[BlackFideId "417092"]
[WhiteElo "2105"]
[BlackElo "2265"]
[Result "0-1"]
[Round "04"]
[TimeControl "180+2"]
[Date "2023.01.17"]
[WhiteClock "0:00:17"]
[BlackClock "0:00:13"]

1. e4 e5 2. Nf3 d6 3. d4 exd4 4. Nxd4 Nf6 5. Nc3 g6 6. Bg5 Bg7 7. Qd2 h6 8. Bf4 Nc6 9. Nb3 g5 10. Be3 Ng4 11. O-O-O Nxe3 12. Qxe3 O-O 13. h4 a5 14. a4 Be6 15. Nd2 Qf6 16. Bc4 Rfe8 17. f3 Nb4 18. hxg5 hxg5 19. Rh5 d5 20. exd5 Bg4 21. Qxg5 Bxh5 22. Qxh5 Re5 23. Qg4 Rg5 24. Qh3 Qh6 25. Qd7 Rxg2 26. d6 Qg6 27. Nde4 Rxc2+ 28. Kb1 cxd6 29. Rxd6 Qg1+ 30. Rd1 Qg6 31. Rd6 Qh5 32. Bb3 Rg2 33. Nf6+ Bxf6 34. Rxf6 Qh7+ 35. Ne4 Rg1+ 36. Bd1 Rf8 37. Rf5 Qh1 0-1


[Site "https://www.chess.com"]

[Event "Titled Tuesday Blitz January 17 Late 2023"]
[White "Degtiarev, Evgeny"]
[Black "Vovk, Orest"]
[WhiteFideId "4149610"]
[BlackFideId "14113490"]
[WhiteElo "2385"]
[BlackElo "2315"]
[Result "0-1"]
[Round "04"]
[TimeControl "180+2"]
[Date "2023.01.17"]
[WhiteClock "0:01:26"]
[BlackClock "0:01:41"]

1. d4 h6 2. c4 g5 3. Nc3 Bg7 4. h4 c5 5. d5 Bxc3+ 6. bxc3 Qa5 7. Qd3 g4 8. e4 d6 9. f4 Nf6 10. Be2 Nxe4 11. Qxe4 Qxc3+ 12. Kf2 Qxa1 13. Qc2 Qd4+ 14. Be3 g3+ 15. Kf3 Bg4+ 16. Kxg4 Qxe3 17. Nf3 Rg8+ 18. Kh3 Qxf4 19. Ne1 Nd7 20. Rf1 Qd4 21. Bh5 O-O-O 22. Rxf7 Qg1 0-1


[Site "https://www.chess.com"]

[Event "Titled Tuesday Blitz January 17 Late 2023"]
[White "Womacka, Mathias"]
[Black "Szente Varga, Fruzsina"]
[WhiteFideId "4611390"]
[BlackFideId "712264"]
[WhiteElo "2396"]
[BlackElo "2075"]
[Result "1-0"]
[Round "04"]
[TimeControl "180+2"]
[Date "2023.01.17"]
[WhiteClock "0:01:29"]
[BlackClock "0:01:32"]

1. e4 e6 2. d4 d5 3. Nd2 Nc6 4. Ngf3 Nf6 5. e5 Nd7 6. Bd3 f6 7. exf6 Qxf6 8. Nf1 Bd6 9. Ne3 O-O 10. O-O Nb4 11. Ng4 Qf7 12. Bxh7+ Kh8 13. Ng5 Qh5 14. c3 Nf6 15. h3 Nxg4 16. Qxg4 Qxg4 17. hxg4 Nc6 18. f4 Be7 19. Bd3 Bxg5 20. fxg5 Bd7 21. Bf4 Rac8 22. Rf3 Kg8 23. Raf1 e5 24. Bxe5 Nxe5 25. dxe5 Bxg4 26. Bh7+ Kxh7 27. Rxf8 1-0


[Site "https://www.chess.com"]

[Event "Titled Tuesday Blitz January 17 Late 2023"]
[White "Kuznecovs, Nikita"]
[Black "Pace, Christopher"]
[WhiteFideId "11604557"]
[BlackFideId "2610167"]
[WhiteElo "2287"]
[BlackElo "2053"]
[Result "1-0"]
[Round "04"]
[TimeControl "180+2"]
[Date "2023.01.17"]
[WhiteClock "0:00:22"]
[BlackClock "0:00:34"]

1. Nf3 Nf6 2. g3 g6 3. Bg2 Bg7 4. c4 O-O 5. O-O c6 6. d4 d5 7. b3 a5 8. Nc3 Ne4 9. Bb2 Nxc3 10. Bxc3 a4 11. Ne5 Be6 12. bxa4 Nd7 13. Rb1 Nxe5 14. dxe5 Qd7 15. c5 Qc7 16. Qd4 Ra7 17. a5 f6 18. f4 Bg4 19. Rb2 fxe5 20. fxe5 Rxf1+ 21. Bxf1 Bf5 22. Bg2 Bh6 23. e6 1-0


[Site "https://www.chess.com"]

[Event "Titled Tuesday Blitz January 17 Late 2023"]
[White "Suvorov, Luca"]
[Black "Balague Camps, Marc"]
[WhiteFideId "12977071"]
[BlackFideId "2297914"]
[WhiteElo "2310"]
[BlackElo "2190"]
[Result "1/2-1/2"]
[Round "04"]
[TimeControl "180+2"]
[Date "2023.01.17"]
[WhiteClock "0:00:25"]
[BlackClock "0:01:28"]

1. c4 Nf6 2. Nc3 e6 3. e4 d6 4. d4 e5 5. Nf3 Nbd7 6. h3 c6 7. Be3 Qc7 8. Be2 g6 9. O-O Bg7 10. Qd2 h6 11. Rad1 a5 12. c5 exd4 13. Nxd4 Nxc5 14. Ndb5 cxb5 15. Nxb5 Qc6 16. Nxd6+ Kf8 17. Bb5 Nfxe4 18. Bxc6 Nxd2 19. Rxd2 bxc6 20. Nxc8 Rxc8 21. Bxc5+ Kg8 22. b3 Bc3 23. Rd3 Be5 24. Re1 Bf6 25. Rf3 Kg7 26. Rxf6 Kxf6 27. Bd4+ Kg5 28. Bxh8 Rxh8 29. Re5+ Kf4 30. Rxa5 Rd8 31. Ra4+ Ke5 32. Kh2 f5 33. Kg3 g5 34. h4 Rd2 35. hxg5 hxg5 36. Ra5+ Ke6 37. Rc5 Rxa2 38. Rxc6+ Kd5 39. Rg6 g4 40. Rf6 Ke5 41. Rb6 f4+ 42. Kxg4 Rxf2 43. Kh3 f3 44. g4 Rg2 45. Rb5+ Ke4 46. Rf5 Rb2 47. Rf8 Rxb3 48. g5 Rb1 49. Kh2 Rb5 50. Kg3 Rxg5+ 51. Kf2 Rg2+ 52. Kf1 Ra2 53. Re8+ Kf5 54. Rf8+ Kg4 55. Rg8+ Kf4 56. Rf8+ Ke3 57. Re8+ Kd2 58. Rd8+ Ke3 59. Re8+ Kf4 60. Rf8+ Kg3 61. Rg8+ 1/2-1/2


[Site "https://www.chess.com"]

[Event "Titled Tuesday Blitz January 17 Late 2023"]
[White "Mesa Cruz, Juan Carlos"]
[Black "Saya, Ethan"]
[WhiteFideId "6423400"]
[BlackFideId "26095181"]
[WhiteElo "2122"]
[BlackElo "2181"]
[Result "1/2-1/2"]
[Round "04"]
[TimeControl "180+2"]
[Date "2023.01.17"]
[WhiteClock "0:00:09"]
[BlackClock "0:00:11"]

1. e4 g6 2. Nf3 Bg7 3. d4 d6 4. Nc3 Bg4 5. Bc4 e6 6. h3 Bxf3 7. gxf3 Nc6 8. Be3 e5 9. dxe5 Nxe5 10. Be2 Ne7 11. Qd2 Qd7 12. O-O-O Qe6 13. f4 Nc4 14. Bxc4 Qxc4 15. Bd4 Bxd4 16. Qxd4 Qxd4 17. Rxd4 O-O-O 18. Nd5 Nxd5 19. Rxd5 Rhe8 20. f3 c6 21. Rd3 d5 22. Rhd1 dxe4 23. Rxd8+ Rxd8 24. Rxd8+ Kxd8 25. fxe4 Ke7 26. Kd2 f5 27. e5 g5 28. Ke3 Ke6 29. c4 gxf4+ 30. Kxf4 c5 31. h4 h5 32. a3 b6 33. b3 a6 34. b4 cxb4 35. axb4 a5 36. c5 a4 37. cxb6 a3 38. b7 a2 39. b8=Q a1=Q 40. Qd6+ Kf7 41. Qd7+ Kg8 42. Qd8+ Kf7 43. Qd7+ Kg8 44. Qe8+ Kg7 45. Qe7+ Kg8 46. Qg5+ Kf7 47. Qxf5+ Ke7 48. Qf6+ Ke8 49. Qh8+ Ke7 50. Qh7+ Ke6 51. Qg8+ Ke7 52. Qg7+ Ke8 53. Qg6+ Ke7 54. Qf6+ Ke8 55. Qe6+ Kf8 56. Qf5+ Ke7 57. e6 Qc1+ 58. Ke4 Qc4+ 59. Kf3 Qc3+ 60. Kg2 Qd2+ 61. Kg3 Qe3+ 62. Kg2 Qe2+ 63. Kg1 Qe1+ 64. Kg2 Qxh4 65. Qf7+ Kd6 66. Qd7+ Ke5 67. e7 Qg5+ 68. Kf1 Qc1+ 69. Ke2 Qc4+ 70. Kd2 Qxb4+ 71. Kd3 Qb3+ 72. Ke2 Qc2+ 73. Kf3 Qe4+ 74. Kg3 Qe3+ 75. Kh4 Qf2+ 76. Kxh5 Qf7+ 77. Kh6 Qf6+ 78. Kh7 Qf7+ 79. Kh8 Qf6+ 80. Kg8 Qg6+ 81. Kf8 Qf6+ 82. Ke8 Qh8+ 83. Kf7 Qh7+ 84. Kf8 Qh8+ 85. Kf7 Qh5+ 86. Kf8 Qh6+ 87. Kf7 Qh7+ 88. Kf8 Qh8+ 89. Kf7 1/2-1/2


[Site "https://www.chess.com"]

[Event "Titled Tuesday Blitz January 17 Late 2023"]
[White "Aguilar, Juan"]
[Black "Slovineanu, Viacheslav"]
[WhiteFideId "3800091"]
[BlackFideId "13900510"]
[WhiteElo "2254"]
[BlackElo "2412"]
[Result "0-1"]
[Round "04"]
[TimeControl "180+2"]
[Date "2023.01.17"]
[WhiteClock "0:00:03"]
[BlackClock "0:00:08"]

1. g3 d5 2. Bg2 e5 3. d3 Nf6 4. Nf3 Nbd7 5. O-O Bd6 6. Nbd2 O-O 7. e4 c6 8. c3 Re8 9. Re1 a5 10. a4 Qc7 11. Qc2 b6 12. d4 dxe4 13. Nxe4 Nxe4 14. Qxe4 Nf6 15. Qh4 exd4 16. Bg5 Bd7 17. Bxf6 gxf6 18. Qxf6 dxc3 19. bxc3 Bf8 20. Ng5 Be6 21. Nxe6 fxe6 22. Bh3 Bg7 23. Bxe6+ Kh8 24. Qf3 Qd6 25. Rad1 Qc5 26. Rd7 Rf8 27. Qe4 Qxf2+ 28. Kh1 Qf3+ 29. Qxf3 Rxf3 30. c4 Re8 31. Kg2 Rf6 32. Rd6 c5 33. Rxb6 Rg6 34. Re2 Bd4 35. Rc6 Kg7 36. Rc7+ Kh6 37. Bg4 Rxe2+ 38. Bxe2 Re6 39. Bf3 Re3 40. Rc6+ Kg5 41. h4+ Kf5 42. Bd5 Ra3 43. Be6+ Ke5 44. Bd5 Rxa4 45. Rc7 Ra2+ 46. Kf3 Ra3+ 47. Kg4 Bf2 48. Rxh7 Rxg3+ 49. Kh5 a4 50. Re7+ Kd4 51. Re4+ Kc3 52. Re2 Bd4 53. Kh6 a3 54. h5 Kb3 55. Kh7 a2 56. Rxa2 Kxa2 57. h6 Kb3 58. Be4 Kxc4 59. Bg6 Rxg6 60. Kxg6 Kd3 0-1


[Site "https://www.chess.com"]

[Event "Titled Tuesday Blitz January 17 Late 2023"]
[White "Jenkins, Drake"]
[Black "Kaplan, Avi Harrison"]
[WhiteFideId "2022397"]
[BlackFideId "30934559"]
[WhiteElo "2130"]
[BlackElo "2146"]
[Result "1-0"]
[Round "04"]
[TimeControl "180+2"]
[Date "2023.01.17"]
[WhiteClock "0:00:40"]
[BlackClock "0:00:04"]

1. Nf3 c5 2. c4 Nc6 3. d4 cxd4 4. Nxd4 g6 5. g3 Bg7 6. Nc2 Nf6 7. Nc3 O-O 8. Bg2 d6 9. O-O Bd7 10. b3 a6 11. Bb2 Rc8 12. Qd2 Qc7 13. Ne3 Rfd8 14. Ncd5 Qb8 15. Nxf6+ Bxf6 16. Bxf6 exf6 17. Nd5 Kg7 18. Qf4 f5 19. Nb6 Ne5 20. Nxc8 Qxc8 21. Rfd1 Bc6 22. Qd4 Bxg2 23. Kxg2 Qc6+ 24. Qd5 Qe8 25. h3 Nc6 26. Rd2 Qe7 27. Rad1 Kg8 28. Qf3 Ne5 29. Qf4 Qc7 30. Rd5 Qc6 31. Kg1 Qc7 32. c5 Nd7 33. Qxd6 Qc8 34. Qe7 Re8 35. Qxd7 Qxd7 36. Rxd7 Rxe2 37. Rxb7 Rc2 38. Rb6 Rxc5 39. Rxa6 Rc2 40. Rb1 Kg7 41. b4 f4 42. gxf4 f5 43. b5 Kh6 44. b6 Rc8 45. b7 Re8 46. Ra8 Re7 47. b8=Q Kh5 48. Qe5 Rxe5 49. fxe5 Kh4 50. e6 f4 51. Ra3 h5 52. e7 f3 53. Rxf3 g5 54. e8=Q g4 55. Qe7# 1-0


[Site "https://www.chess.com"]

[Event "Titled Tuesday Blitz January 17 Late 2023"]
[White "Khandelwal, Ankush"]
[Black "Ward, Ieuan C"]
[WhiteFideId "413470"]
[BlackFideId "406627"]
[WhiteElo "2205"]
[BlackElo "2028"]
[Result "1/2-1/2"]
[Round "04"]
[TimeControl "180+2"]
[Date "2023.01.17"]
[WhiteClock "0:00:09"]
[BlackClock "0:00:07"]

1. e4 c5 2. Nf3 d6 3. d4 cxd4 4. Nxd4 Nf6 5. Nc3 a6 6. f3 e5 7. Nb3 Be6 8. Be3 Nbd7 9. Qd2 b5 10. g4 Nb6 11. g5 Nfd7 12. h4 Be7 13. Nd5 Nxd5 14. exd5 Bf5 15. Bd3 Bxd3 16. Qxd3 Nc5 17. Nxc5 dxc5 18. O-O-O Bd6 19. h5 Qa5 20. Kb1 O-O-O 21. Qf5+ Rd7 22. g6 fxg6 23. hxg6 h6 24. Rdg1 Rf8 25. Qe6 Qd8 26. Bxh6 Rf6 27. Bg5 Rxe6 28. Bxd8 Re8 29. Bg5 Be7 30. Bxe7 Rexe7 31. Rd1 Rd6 32. Rhg1 Re8 33. b3 Rf8 34. Rg3 Kd7 35. c4 bxc4 36. bxc4 Rdf6 37. Re1 Kd6 38. Rg5 Rf5 39. Rxf5 Rxf5 40. Re3 Rf6 41. Ra3 Kd7 42. Ra5 Rxg6 43. Rxc5 Rf6 44. Ra5 Rxf3 45. c5 e4 46. Rxa6 e3 47. Kc2 Rf5 48. Ra7+ Kd8 49. Ra8+ Kd7 50. Ra7+ Kc8 51. Ra8+ Kb7 52. Rd8 Kc7 53. Rd6 g5 54. Kd3 Re5 55. Ke2 g4 56. a4 g3 57. Rc6+ Kd7 58. Rd6+ Kc7 59. Rc6+ Kb7 60. Rg6 Rxd5 61. Rxg3 Rxc5 62. Rxe3 Rc2+ 63. Kf3 Ra2 64. Re4 Ka6 65. Kf4 Ka5 66. Re8 Rxa4+ 67. Ke5 Rb4 68. Kd6 Rc4 69. Re5+ Kb4 70. Rd5 Kc3 71. Rc5 Rxc5 72. Kxc5 1/2-1/2


[Site "https://www.chess.com"]

[Event "Titled Tuesday Blitz January 17 Late 2023"]
[White "Goncalves, Davi Sulzbacher"]
[Black "Cepo, Toni"]
[WhiteFideId "2154510"]
[BlackFideId "4675916"]
[WhiteElo "2282"]
[BlackElo "2145"]
[Result "1/2-1/2"]
[Round "04"]
[TimeControl "180+2"]
[Date "2023.01.17"]
[WhiteClock "0:00:13"]
[BlackClock "0:00:24"]

1. Nf3 Nf6 2. c4 g6 3. Nc3 Bg7 4. e4 d6 5. d4 O-O 6. Be2 e5 7. d5 a5 8. Bg5 h6 9. Bh4 g5 10. Bg3 Nh5 11. Nd2 Nf4 12. Bxf4 exf4 13. Bg4 f5 14. Bxf5 Bxf5 15. exf5 Rxf5 16. Qc2 Re5+ 17. Nde4 Na6 18. O-O-O Nb4 19. Qb3 b6 20. f3 Na6 21. h4 Nc5 22. Qc2 Nxe4 23. Nxe4 gxh4 24. a4 Qe7 25. Rde1 Re8 26. Kd1 Bf6 27. Re2 Bg5 28. Rhe1 Qg7 29. Nc3 Rxe2 30. Rxe2 Qd4+ 31. Qd2 Qxd2+ 32. Kxd2 Rxe2+ 33. Kxe2 Kf7 34. Kd3 Kg6 35. Ke4 Bf6 36. Nb5 Bd8 37. Kxf4 h5 38. Ke4 Kg5 39. Nd4 h3 40. gxh3 Kh4 41. Ne6 Bf6 42. Kf5 Bxb2 43. Ng5 Bc1 44. f4 Kg3 45. Kg6 Bxf4 46. Kxh5 Kf2 47. Ne6 Be5 48. Nxc7 Ke3 49. Na8 Bd4 50. Kg6 Kd3 51. h4 Kxc4 52. h5 Kxd5 53. h6 Ke6 54. h7 Bh8 55. Nxb6 d5 56. Kg5 d4 57. Kf4 Kd6 58. Nc4+ Kc5 59. Nxa5 Kb4 60. Nc6+ Kc3 61. Nxd4 Kxd4 62. Kf5 Kc5 63. Ke6 Kb4 64. Kd5 Kxa4 65. Kc4 Ka5 66. Kc5 Ka6 67. Kc6 Ka7 68. Kc7 Ka6 69. Kc6 Ba1 70. Kd5 Kb5 71. Kd6 Kb4 72. Kd5 Bc3 73. h8=N 1/2-1/2


[Site "https://www.chess.com"]